 Dungeon Crawl Stone Soup version 0.32-a0-42-ga30500b4d3 (webtiles) character file.

Game seed: 376747661404984833

362 Ceno the Slasher (level 6, -3/38 HPs)
             Began as a Tengu Reaver on Feb 1, 2024.
             Slain by a lemure (7 damage)
             ... led by Pikel
             ... on level 3 of the Dungeon.
             The game lasted 00:19:07 (4268 turns).

Ceno the Slasher (Tengu Reaver)                     Turns: 4268, Time: 00:19:08

Health: -3/38      AC:  5    Str: 12    XL:     6   Next: 66%
Magic:  10/10      EV: 11    Int: 14    God:
Gold:   98         SH:  0    Dex: 14    Spells: 6/9 levels left

rFire   . . .        l - +0 long sword
rCold   . . .        (no shield)
rNeg    . . .        i - +0 ring mail
rPois   .            (helmet restricted)
rElec   .            (no cloak)
rCorr   .            (no gloves)
SInv    .            (boots unavailable)
Will    .....        (no amulet)
Stlth   +            (no ring)
HPRegen 0.26/turn    (no ring)
MPRegen 0.12/turn

%: acrobat
@: no status effects
A: beak, talons 3, acrobatic
a: no special abilities


You were on level 3 of the Dungeon.
You visited 1 branch of the dungeon, and saw 4 of its levels.

You collected 98 gold pieces.

Inventory:

Hand Weapons
 a - a +0 falchion
 l - a +0 long sword (weapon)
 o - a +0 great sword
Missiles
 f - 46 stones (quivered)
 g - 2 poisoned darts
Armour
 i - a +0 ring mail (worn)
Wands
 k - a wand of light (3)
 u - a wand of iceblast (12)
Scrolls
 b - a scroll of enchant armour {unknown}
 c - a scroll of amnesia {unknown}
 d - a scroll of immolation {unknown}
 e - a scroll of silence
 n - a scroll of noise
 r - a scroll of enchant weapon {unknown}
 v - a scroll of brand weapon {unknown}
 x - a scroll of torment {unknown}
 y - a scroll of identify {unknown}
 z - 2 scrolls of vulnerability {unknown}
Potions
 h - 3 potions of heal wounds {unknown}
 j - a potion of haste {unknown}
 m - a potion of enlightenment {unknown}
 p - a potion of ambrosia {unknown}
 q - a potion of degeneration {unknown}
 s - 2 potions of brilliance {unknown}
 t - a potion of magic {unknown}
 w - a potion of curing {unknown}


   Skills:
 + Level 3.7 Fighting
 * Level 6.1 Long Blades
 - Level 2.1 Dodging
 - Level 2.0 Spellcasting
 + Level 5.8 Conjurations


You had 6 spell levels left.
You knew the following spells:

 Your Spells              Type           Power      Damage    Failure   Level
a - Kiss of Death         Conj/Necr      36%        2d8       16%         1
b - Momentum Strike       Conj/Tloc      18%        3d8       24%         2

Your spell library contained the following spells:

 Spells                   Type           Power      Damage    Failure   Level
 Hailstorm                Conj/Ice       9%         3d6       43%         3
 Stone Arrow              Conj/Erth      18%        3d8       43%         3
 Ozocubu's Armour         Ice            1%         N/A       85%         3
 Animate Armour           Summ/Erth      2%         N/A       99%         4
 Metabolic Englaciation   Hex/Ice        0%         N/A       100%        5
 Sculpt Simulacrum        Ice/Alch       0%         N/A       100%        6
 Lehudib's Crystal Spear  Conj/Erth      4%         10d3      100%        8


Dungeon Overview and Level Annotations

Branches:
Dungeon (4/15)
 Temple: D:4-7

Altars:

Annotations:
D:4 Pikel


Innate Abilities, Weirdness & Mutations

You have a beak for a mouth.
You have claws for feet.
You can magically evade attacks while moving or waiting.


Message History

The lemure hits you but does no damage. The orc hits you with a +0 hand axe.
The lemure hits you.
You slash the lemure!
You kill the lemure!
That felt strangely unrewarding.
The lemure barely misses you. The orc misses you.
You barely miss the orc. The lemure closely misses you.
The orc closely misses you.
You closely miss the orc. Your kick misses the orc.
You peck the orc, but do no damage. The lemure hits you.
The orc barely misses you.
You hit the orc.
The orc is severely wounded.
The lemure closely misses you. The orc barely misses you.
You slash the orc!
You kill the orc!
The lemure hits you but does no damage.
You barely miss the lemure. Your kick misses the lemure.
The lemure barely misses you.
You closely miss the lemure. The lemure hits you but does no damage.
You barely miss the lemure. You claw the lemure, but do no damage.
The lemure hits you but does no damage. x2
You hit the lemure. You claw the lemure, but do no damage.
The lemure is lightly wounded.
The lemure hits you but does no damage.
You hit the lemure. You claw the lemure, but do no damage.
The lemure is moderately wounded.
The lemure hits you!
You slash the lemure!
The lemure is heavily wounded.
The lemure hits you.
* * * LOW HITPOINT WARNING * * *
You hit the lemure but do no damage.
The lemure is heavily wounded.
The lemure hits you.
* * * LOW HITPOINT WARNING * * *
You closely miss the lemure. Your kick misses the lemure.
The lemure is heavily wounded.
The lemure hits you!
You die...

#..### #.....##.# #.#.# ##.#
#.....##.# #.#.# ##.#
#.#.####.# ###.#<# ##.#
#†#.####.###.<>..#
##.######.#.##.#.#.#.#...#
..........#.#............###
##.#####.)#.##.#.#.#.#.....#
.....###..#.#..5>..........#
##..........##)#@#.#.#.....#
####.###..###...).......####
..........####)#.#.#.#..#
####....................#
########.#####.#.#.#.##.#
.........# #######....#
########## ######


You could see a lemure.

Vanquished Creatures
  A lemure (D:3)
  A scorpion (D:4)
  A bombardier beetle (D:4)
  2 orc priests
  An iguana (D:3)
  2 orc wizards
  5 adders
  A ribbon worm (D:2)
  6 orcs
  3 ball pythons
  8 bats
  8 endoplasms
  4 giant cockroaches
  6 goblins
  7 hobgoblins
  9 quokkas
  4 frilled lizards
  14 kobolds
  10 rats
93 creatures vanquished.

Notes
Turn   | Place    | Note
-------+----------+-------------------------------------------
     0 | D:1      | Ceno the Tengu Reaver began the quest for the Orb.
     0 | D:1      | Reached XP level 1. HP: 12/12 MP: 4/4
   131 | D:1      | Reached XP level 2. HP: 16/17 MP: 6/6
   263 | D:1      | Learned a level 2 spell: Momentum Strike
   762 | D:1      | Reached skill level 4 in Long Blades
   762 | D:1      | Reached XP level 3. HP: 21/22 MP: 7/7
  1711 | D:2      | Reached XP level 4. HP: 27/27 MP: 5/8
  1841 | D:2      | Reached skill level 5 in Conjurations
  1848 | D:2      | Reached XP level 5. HP: 21/32 MP: 3/9
  2491 | D:2      | Reached skill level 5 in Long Blades
  3494 | D:3      | Reached XP level 6. HP: 37/37 MP: 7/10
  4052 | D:4      | Reached skill level 6 in Long Blades
  4219 | D:4      | Noticed Pikel
  4268 | D:3      | Slain by a lemure

Illustrated notes

Levels and vault maps discovered:
D:1:      elethiomel_arrival_shortcut, layout_basic, hangedman_decor_points,
          ebering_dispersal_statue_hall
D:2:      minmay_recursive_quarters, layout_basic
D:3:      layout_loops_ring, nrook_campfire, st_stairs_9, serial_bayou_lagoon_a
D:4:      layout_layer_cave, kennysheep_generic_room_9, uniq_pikel

Skill      XL: |  1  2  3  4  5  6 |
---------------+-------------------+-----
Long Blades    | 4 5 6 |  6.1
Conjurations   | 5 |  5.8
Fighting       | 3 |  3.7
Dodging        | |  2.1
Spellcasting   | |  2.0

Action                     |  1- 3 |  4- 6 || total
---------------------------+-------+-------++-------
  Melee: Falchion          |    49 |       ||    49
         Kick              |    11 |    29 ||    40
         Peck              |     4 |    10 ||    14
         Punch             |     1 |     1 ||     2
         Long sword        |    24 |   122 ||   146
  Throw: Stone             |     1 |     3 ||     4
         Dart              |       |     2 ||     2
   Cast: Momentum Strike   |     9 |    20 ||    29
    Use: Scroll            |       |     2 ||     2
 Armour: Leather armour    |    16 |       ||    16
         Ring mail         |    19 |    82 ||   101
  Dodge: Dodged            |    38 |    80 ||   118

Table legend: (Time is in decaauts)
 A = Elapsed time spent in this place.
 B = Non-inter-level travel time spent in this place.
 C = Inter-level travel time spent in this place.
 D = Time resting spent in this place.
 E = Time spent auto-exploring this place.
 F = Levels seen in this place.
 G = Mean time per level.
                   A        B        C        D        E       F      G
               +--------+--------+--------+--------+--------+-----+--------+
         Total |   4304 |   4210 |     94 |    881 |   1422 |   4 | 1076.0 |
       Dungeon |   4304 |   4210 |     94 |    881 |   1422 |   4 | 1076.0 |
               +--------+--------+--------+--------+--------+-----+--------+

Top non-repeatable levels by time:
     D:2: 1904 daAuts
     D:3: 1130 daAuts
     D:1: 851 daAuts
     D:4: 417 daAuts
